Map: Pillars of Gold LE

Players

Massa - Winner!

  • Race: Terran Terran
  • League: Platinum
  • Spawn Location: 7:00

GaEsEx

  • Race: Zerg Zerg
  • League: Platinum
  • Spawn Location: 1:00

VOD

Have the link to the VOD?

Description

Time

  • Played on: Dec. 29, 2020, 11:35 a.m.
  • Length: 17:18
Show
View Real Time Build Order
Export as new Build Order

Massa Terran - Winner!

Build Orders: Reaper Expand 

Get SALT Encoding   

  12  0:00  SCV  
  13  0:12  SCV  
  14  0:20  Supply Depot  
  14  0:24  SCV  
  15  0:42  SCV  
  16  0:43  Barracks  
  16  0:48  Refinery  
  16  0:54  SCV  
  17  1:06  SCV  
  18  1:18  SCV  
  19  1:30  Orbital Command  
  19  1:44  Command Center  
  19  1:49  Reaper  
  20  2:05  SCV  
  21  2:17  SCV  
  21  2:21  Marine  
  23  2:27  Supply Depot  
  23  2:31  Factory  
  23  2:49  SCV, Barracks  
  24  2:54  Barracks  
  24  3:01  SCV  
  25  3:28  Factory Tech Lab  
  25  3:30  Factory  
  25  3:31  Barracks Reactor  
  25  3:32  Orbital Command  
  25  3:33  SCV  
  26  3:41  Refinery  
  26  3:45  Refinery, SCV  
  26  3:47  Hellion  
  29  3:58  SCV  
  29  4:08  SCV, Hellion  
  32  4:10  SCV  
  32  4:11  Infernal Pre-Igniter  
  33  4:20  Refinery, SCV  
  34  4:29  Barracks Reactor  
  34  4:34  SCV x2, Barracks Tech Lab  
  34  4:38  Hellion x2  
  40  4:41  Hellion  
  42  4:46  SCV x2  
  42  4:52  Engineering Bay  
  44  4:56  Command Center  
  44  4:58  SCV  
  44  4:59  Stimpack  
  45  5:05  Supply Depot  
  45  5:07  Supply Depot  
  45  5:14  Hellion x3  
  51  5:24  SCV x2  
  51  5:27  Missile Turret  
  53  5:33  Missile Turret  
  53  5:35  Hellion x2  
  57  5:36  SCV  
  58  5:45  Marauder  
  58  5:48  Widow Mine  
  58  5:49  SCV  
  63  5:52  SCV  
  63  5:56  Terran Infantry Weapons Level 1  
  64  6:06  Marauder  
  56  6:42  Siege Tank  
  56  6:43  Widow Mine x2  
  56  6:44  Marauder, Marine x2  
  67  6:50  Barracks  
  67  6:52  Starport  
  67  6:56  Barracks  
  67  7:02  Marine x2  
  67  7:05  Marauder  
  71  7:20  Marine x2  
  73  7:23  Planetary Fortress  
  73  7:27  Marauder  
  75  7:38  Marine x2  
  75  7:39  Combat Shield  
  75  7:41  Widow Mine  
  75  7:42  Widow Mine  
  83  7:45  Siege Tank  
  83  7:46  SCV  
  85  7:59  Supply Depot  
  85  8:00  Supply Depot  
  85  8:03  Supply Depot  
  85  8:16  Supply Depot  
  85  8:20  SCV x2, Medivac  
  85  8:21  Marauder  
  85  8:22  Siege Tank  
  85  8:26  Widow Mine x2  
  99  8:27  SCV  
  99  8:32  SCV x2  
  101  8:34  Barracks Reactor  
  101  8:35  Barracks Reactor  
  101  8:39  SCV  
  101  8:40  Supply Depot  
  102  8:42  Marauder  
  102  8:43  Supply Depot  
  102  8:45  SCV  
  102  8:46  Supply Depot  
  102  8:47  Supply Depot  
  105  8:49  Supply Depot  
  105  8:52  Supply Depot  
  105  8:54  Siege Tank  
  105  8:55  Marine x2  
  109  8:56  Command Center  
  110  9:03  Marauder  
  110  9:04  SCV x3  
  115  9:13  Marine x2  
  115  9:16  SCV x2  
  119  9:25  Marauder  
  119  9:31  Marine  
  122  9:33  Sensor Tower  
  117  9:46  Marauder  
  117  9:48  Marine x6  
  123  9:57  Starport Reactor  
  120  10:04  Missile Turret  
  120  10:05  Marine  
  120  10:06  Marine x3  
  124  10:07  Missile Turret  
  124  10:08  Missile Turret  
  124  10:13  Missile Turret  
  124  10:15  Missile Turret  
  119  10:29  SCV x2  
  119  10:30  SCV x2  
  123  10:38  Sensor Tower  
  123  10:41  SCV, Missile Turret  
  123  10:42  SCV x3  
  127  10:48  Armory  
  127  10:51  Engineering Bay  
  127  10:52  Siege Tank  
  127  10:53  Widow Mine x2, SCV  
  135  11:02  Sensor Tower  
  133  11:07  SCV x3  
  136  11:14  Widow Mine x2  
  136  11:16  Marauder, Marine x6  
  148  11:19  SCV x3  
  151  11:25  Barracks  
  151  11:26  Barracks  
  151  11:34  Marine x2  
  151  11:37  SCV x3, Marauder  
  158  11:42  Missile Turret  
  158  11:46  Planetary Fortress  
  158  11:55  Medivac x2  
  158  11:56  Terran Infantry Weapons Level 2  
  158  11:57  Terran Infantry Armor Level 1  
  158  11:58  Marauder  
  158  12:01  Terran Vehicle Weapons Level 1  
  164  12:02  Widow Mine x2  
  164  12:04  Siege Tank  
  171  12:09  Drilling Claws  
  171  12:11  SCV x3  
  174  12:19  Missile Turret  
  174  12:20  Marauder  
  176  12:23  Widow Mine, SCV  
  179  12:38  Refinery  
  179  12:40  Refinery  
  179  13:04  Marine  
  180  13:08  Medivac  
  180  13:20  Supply Depot  
  180  13:22  Supply Depot  
  180  13:24  Supply Depot  
  180  13:25  Supply Depot x2  
  180  13:27  Supply Depot  
  180  13:28  Supply Depot  
  180  13:29  Barracks Tech Lab x2, Supply Depot  
  180  13:32  Concussive Shells  
  180  13:41  Marine x4, Medivac  
  180  13:42  Marauder  
  180  13:44  Widow Mine x2, Marine x2  
  180  13:46  Siege Tank  
  180  13:47  Supply Depot  
  197  13:49  Supply Depot  
  197  13:59  Marine x4  
  197  14:02  Marine  
  198  14:17  Marine x2  
  179  14:35  Marine x2  
  121  14:47  Marauder, Marine  
  121  14:48  Marauder x2, Marine x3  
  131  14:52  Marine x2  
  131  14:55  Missile Turret  
  131  14:58  Sensor Tower  
  131  14:59  Command Center  
  133  15:01  SCV  
  133  15:02  SCV x3  
  133  15:05  Marine  
  133  15:06  Marine x3  
  141  15:09  Marauder x3  
  141  15:10  Marine x2  
  148  15:23  Marine  
  148  15:24  Marine x3  
  148  15:28  Marine x2  
  149  15:30  Marauder x3  
  157  15:41  Marine x4  
  161  15:46  Marine  
  161  15:47  Widow Mine x2, Siege Tank  
  169  15:51  Marauder  
  169  15:52  Marauder x2  
  152  16:13  Marauder x2, Marine  
  152  16:14  Marauder  
  155  16:19  Siege Tank  
  154  16:32  Widow Mine x2  
  155  16:34  Marauder  
  155  16:35  Marauder x2  
  146  16:56  Marauder x3  
Show
View Real Time Build Order
Export as new Build Order

GaEsEx Zerg 

Build Orders: Hatch First, Lurkers 

Get SALT Encoding   

  12  0:01  Drone  
  13  0:08  Drone  
  14  0:20  Overlord  
  14  0:39  Drone x2  
  14  0:40  Drone  
  17  0:51  Drone  
  18  0:57  Hatchery  
  18  1:01  Drone  
  18  1:16  Spawning Pool  
  18  1:18  Drone  
  18  1:23  Extractor  
  17  1:32  Drone  
  18  1:37  Extractor  
  18  1:38  Drone  
  18  1:44  Drone  
  19  2:00  Drone  
  20  2:06  Hatchery  
  19  2:08  Queen  
  19  2:15  Drone  
  22  2:23  Queen  
  22  2:29  Drone  
  25  2:30  Drone  
  26  2:37  Metabolic Boost  
  26  2:41  Drone  
  27  2:46  Drone  
  28  2:54  Spore Crawler  
  27  3:02  Spine Crawler  
  25  3:17  Spine Crawler  
  24  3:26  Queen  
  26  3:29  Lair  
  26  3:32  Zergling x2  
  27  3:35  Zergling x2  
  27  3:39  Drone  
  28  4:04  Drone x5  
  33  4:22  Drone, Spore Crawler  
  33  4:31  Roach Warren, Queen  
  34  4:44  Spine Crawler  
  33  4:51  Drone  
  34  4:53  Overlord  
  34  4:57  Evolution Chamber  
  33  5:00  Drone  
  34  5:09  Overlord  
  34  5:10  Overlord  
  34  5:11  Queen  
  36  5:27  Hydralisk Den  
  36  5:28  Drone x3  
  36  5:33  Drone  
  36  5:35  Drone, Extractor  
  39  5:39  Drone x2  
  41  5:53  Spire  
  41  5:54  Drone  
  38  6:21  Drone  
  38  6:22  Drone  
  38  6:23  Roach x2  
  44  6:29  Roach x3  
  44  6:30  Glial Reconstitution  
  50  6:39  Zerg Missile Weapons Level 1, Muscular Augments  
  50  6:40  Hydralisk  
  50  6:44  Queen  
  54  6:51  Overseer  
  54  6:54  Roach x2  
  58  7:05  Lurker Den  
  58  7:08  Drone  
  58  7:23  Extractor  
  58  7:25  Drone x2, Extractor  
  58  7:28  Overlord, Zerg Flyer Weapons Level 1  
  58  7:29  Overlord x3  
  58  7:40  Extractor  
  58  7:43  Drone  
  58  7:48  Spine Crawler  
  58  7:51  Grooved Spines  
  57  7:53  Pneumatized Carapace  
  57  7:54  Mutalisk x3  
  63  7:58  Drone x2  
  63  7:59  Drone  
  63  8:03  Drone  
  67  8:08  Lurker  
  67  8:10  Overseer  
  68  8:27  Mutalisk x2  
  72  8:36  Mutalisk  
  74  8:42  Drone x4  
  74  8:43  Drone x6  
  74  8:47  Drone  
  74  8:48  Drone  
  86  8:58  Drone x4  
  90  9:16  Burrow  
  90  9:22  Baneling Nest  
  89  9:26  Overseer  
  87  10:01  Roach  
  87  10:02  Overlord x2  
  87  10:03  Overlord x7  
  87  10:04  Overlord  
  87  10:05  Drone  
  90  10:17  Hatchery  
  89  10:29  Zergling x12  
  89  10:31  Drone  
  89  10:32  Drone x6  
  89  10:33  Zerg Missile Weapons Level 2  
  102  10:38  Evolution Chamber  
  102  10:41  Hydralisk x2  
  105  10:45  Hydralisk  
  106  11:07  Hydralisk, Zerg Ground Armor Level 1  
  106  11:08  Hydralisk x7  
  122  11:15  Centrifical Hooks  
  122  11:16  Drone  
  123  11:20  Evolution Chamber  
  123  11:24  Infestation Pit  
  121  11:26  Drone x2  
  123  11:34  Hatchery  
  123  11:38  Lurker x4  
  123  11:39  Lurker x2  
  128  11:41  Hydralisk  
  128  11:42  Drone  
  128  11:43  Drone x2  
  133  11:54  Hydralisk  
  133  11:55  Hydralisk x2  
  139  12:05  Baneling x6  
  139  12:06  Baneling x2  
  139  12:10  Hydralisk  
  139  12:13  Roach x2  
  145  12:22  Queen  
  147  12:23  Drone  
  147  12:24  Drone x2  
  147  12:25  Drone x2  
  147  12:26  Drone  
  147  12:27  Hive  
  153  12:38  Drone  
  154  12:45  Roach x2  
  154  12:46  Roach x5  
  154  12:47  Overlord  
  168  12:58  Queen  
  170  13:06  Spore Crawler  
  169  13:13  Drone x2  
  169  13:14  Drone x2  
  169  13:15  Drone  
  174  13:25  Zergling x12  
  174  13:26  Zergling x4  
  182  13:56  Overlord  
  182  13:57  Overlord x6  
  182  14:00  Queen  
  172  14:23  Roach x4  
  172  14:24  Roach  
  128  14:36  Queen  
  114  14:39  Roach x2  
  114  14:40  Roach x7  
  114  14:44  Baneling  
  114  14:45  Baneling  
  123  14:50  Greater Spire  
  123  14:51  Drone  
  123  14:52  Pathogen Glands, Infestor x2  
  124  14:53  Infestor x2  
  124  14:56  Hydralisk  
  134  15:04  Hydralisk x3  
  140  15:11  Queen  
  142  15:14  Roach x2  
  142  15:15  Roach  
  130  15:32  Corruptor x5  
  130  15:33  Corruptor  
  130  15:34  Baneling  
  130  15:35  Baneling  
  134  15:40  Corruptor x2  
  134  15:41  Corruptor  
  137  15:50  Lurker x3  
  134  16:06  Brood Lord x2  
  136  16:18  Zergling x2  
  108  16:19  Zergling x26  
  108  16:21  Zergling x2  
  108  16:23  Brood Lord  
  81  16:47  Corruptor  
  81  16:52  Zergling x14  
  81  16:53  Zergling x2  
Tags
 
Add a new tag
Caveats
  • Supply blocks, unpowered buildings, or Contaminate may cause inaccurate times.
  • Supply counts are checked every 10 seconds.